 Dungeon Crawl Stone Soup version 0.27.0-1-g7a089689b8 (webtiles) character file.

Game seed: 15474729982898709184

17 Smaepdii the Ruffian (level 2, 0/23 HPs)
             Began as a Draconian Transmuter on Aug 3, 2021.
             Succumbed to a water moccasin's poison
             ... on level 4 of the Dungeon.
             The game lasted 00:04:45 (1118 turns).

Smaepdii the Ruffian (Draconian Transmuter)         Turns: 1118, Time: 00:04:46

Health: 0/23       AC:  5    Str: 12    XL:     2   Next: 44%
Magic:  4/5        EV: 12    Int: 13    God:
Gold:   59         SH:  0    Dex: 11    Spells: 4/5 levels left

rFire    . . .     SeeInvis .     - Unarmed
rCold    . . .     Faith    .   (no shield)
rNeg     . . .     Spirit   .   (armour unavailable)
rPois    .         Reflect  .   (helmet currently unavailable)
rElec    .         Harm     .   (no cloak)
rCorr    .         Rampage  .   f - +0 pair of gloves
Will     .....                  (boots currently unavailable)
Stlth    +.........             (no amulet)
HPRegen  0.07/turn              d - ring of flight
MPRegen  0.09/turn              (no ring)

@: lethally poisoned (0 -> -29), appendages, flying
A: horns 2, talons 2, AC +4, unfitting armour, cold-blooded
a: End Transformation


You were on level 4 of the Dungeon.
You had temporarily grown beastly horns and talons.
You visited 1 branch of the dungeon, and saw 3 of its levels.

You collected 59 gold pieces.

Inventory:

Armour
 f - a +0 pair of gloves (worn)
Jewellery
 d - a ring of flight (left hand)
 e - a ring of fire
Wands
 c - a wand of flame (17)
Scrolls
 a - a scroll of teleportation {unknown}
 g - a scroll of immolation {unknown}
Potions
 b - a potion of curing {unknown}
 h - a potion of degeneration {unknown}


   Skills:
 - Level 1.1 Fighting
 - Level 1.7 Dodging
 + Level 3.9 Unarmed Combat
 - Level 2.0 Spellcasting
 - Level 2.0 Transmutations


You had 4 spell levels left.
You knew the following spells:

 Your Spells              Type           Power      Damage    Failure   Level
a - Beastly Appendage     Tmut           12%        N/A       11%         1

Your spell library contained the following spells:

 Spells                   Type           Power      Damage    Failure   Level
 Wereblood                Tmut           6%         N/A       17%         2
 Spider Form              Tmut/Pois      1%         N/A       45%         3
 Ice Form                 Ice/Tmut       3%         N/A       86%         4


Dungeon Overview and Level Annotations

Branches:
Dungeon (2/15)

Altars:
Cheibriados


Innate Abilities, Weirdness & Mutations

You have temporarily grown beastly horns and talons.
Your plain brown scales are hard. (AC +4)
You cannot fit into any form of body armour.
You are cold-blooded and may be slowed by cold attacks.


Message History

The water moccasin closely misses you.
You closely miss the water moccasin.
The water moccasin is moderately wounded.
The water moccasin closely misses you. The water moccasin bites you.
You hit the water moccasin.
The water moccasin is moderately wounded.
The water moccasin barely misses you.
Casting: Beastly Appendage (safe; 11% risk of failure)
Confirm with . or Enter, or press ? or * to list all spells.
You grow a pair of large bovine horns.
Your feet morph into talons.
The water moccasin closely misses you.
You closely miss the water moccasin.
You claw the water moccasin, but do no damage.
Your headbutt misses the water moccasin.
The water moccasin is moderately wounded.
The water moccasin closely misses you. x2
You barely miss the water moccasin.
The water moccasin is moderately wounded.
The water moccasin bites you.
You are poisoned.
The water moccasin poisons you!
You hit the water moccasin.
The water moccasin is heavily wounded.
You feel very sick. The water moccasin barely misses you.
You hit the water moccasin.
The water moccasin is severely wounded.
You feel very sick.
The water moccasin bites you but does no damage. x2
You miss the water moccasin. Your kick misses the water moccasin.
Your headbutt misses the water moccasin.
The water moccasin is severely wounded.
You feel very sick. The water moccasin bites you.
* * * LOW HITPOINT WARNING * * *
You are more poisoned.
The water moccasin poisons you!
You miss the water moccasin. You claw the water moccasin.
The water moccasin is severely wounded.
You die...

#. #. #. #.
... $..
#.##..## #..#
#..# ..###...
#.## ......#
#..##S...#
##..@#####
##..#####
###'...###
#.......##
#...###...#
#..##.##..##
#...#...#...#
#.^##...##..#
#..#.._..#..#


You could see a water moccasin.

Vanquished Creatures
  3 bats (D:1)
  5 endoplasms (D:1)
  2 hobgoblins (D:1)
  A ball python (D:1)
  3 frilled lizards (D:1)
  A kobold (D:1)
  A rat (D:1)
16 creatures vanquished.

Notes
Turn   | Place    | Note
-------+----------+-------------------------------------------
     0 | D:1      | Smaepdii the Draconian Transmuter began the quest for the
                  | Orb.
     0 | D:1      | Reached XP level 1. HP: 16/16 MP: 3/3
   271 | D:1      | Reached XP level 2. HP: 23/23 MP: 3/5
   789 | D:1      | Found a faded altar of an unknown god.
  1074 | D:2      | You are sucked into a shaft and drop 2 floors!
  1074 | D:4      | Found a snail-covered altar of Cheibriados.
  1086 | D:4      | Noticed a water moccasin
  1118 | D:4      | Succumbed to a water moccasin's poison

Illustrated notes

Levels and vault maps discovered:
D:1:      lightli_arrival_statuegarden, layout_basic,
          dreamdust_ecumenical_altar_angels_and_demons, minivault_5
D:2:      minmay_angry_zag, layout_basic
D:4:      layout_rooms, mainiacjoe_overflow_boulevard,
          mainiacjoe_overflow_two_lobes, vehumet_statue,
          minmay_temple_entry_glassed_door, uniq_pikel

Action                   || total
-------------------------++-------
Melee: Unarmed           ||    45
       Kick              ||     6
       Tailslap          ||     2
       Headbutt          ||     1
 Cast: Beastly Appendage ||    14
Armor: Skin              ||    19
Dodge: Dodged            ||    36
